 Dungeon Crawl Stone Soup version 0.22.0-16-gc6d26f6 (webtiles) character file.

11064 shmeve the Fighter (level 11, -4/104 HPs)
             Began as a Minotaur Berserker on Aug 17, 2018.
             Was a High Priest of Trog.
             Slain by a brown ugly thing (7 damage)
             ... on level 11 of the Dungeon.
             The game lasted 00:27:15 (10059 turns).

shmeve the Fighter (Minotaur Berserker)            Turns: 10059, Time: 00:27:16

Health: -4/104     AC: 14    Str: 26    XL:     11   Next: 44%
Magic:  10/10      EV: 14    Int:  4    God:    Trog [*****.]
Gold:   482        SH:  0    Dex:  9    Spells: 10/10 levels left

rFire    . . .     SeeInvis .   q - +0 war axe
rCold    . . .     Gourm    .   (no shield)
rNeg     . . .     Faith    +   j - +4 ring mail
rPois    .         Spirit   .   (helmet restricted)
rElec    .         Reflect  .   (no cloak)
rCorr    +         Harm     .   k - +1 pair of gloves
MR       ++...                  y - +0 pair of boots
Stlth    ..........             w - amulet of faith
HPRegen  1.27/turn              u - ring of resist corrosion
MPRegen  0.12/turn              (no ring)

@: berserk cooldown, regenerating, slowed, very slow
A: retaliatory headbutt, horns 2
a: Berserk, Trog's Hand, Brothers in Arms, Renounce Religion


You were on level 11 of the Dungeon.
You worshipped Trog.
Trog was extremely pleased with you.
You were not hungry.

You visited 1 branch of the dungeon, and saw 11 of its levels.
You also visited: Sewer.

You collected 482 gold pieces.

Inventory:

Hand Weapons
 q - a +0 war axe (weapon)
Missiles
 i - 6 javelins of penetration
 F - 2 poisoned javelins
 G - 2 javelins (quivered)
Armour
 j - a +4 ring mail (worn)
 k - a +1 pair of gloves (worn)
 y - a +0 pair of boots (worn)
Jewellery
 u - a ring of resist corrosion (left hand)
 w - an amulet of faith (around neck)
Wands
 A - a wand of digging (7)
Scrolls
 d - 10 scrolls of remove curse
 e - 6 scrolls of fear {unknown}
 f - 7 scrolls of magic mapping {unknown}
 h - a scroll of blinking {unknown}
 m - 6 scrolls of identify {unknown}
 o - a scroll of noise {unknown}
 p - 4 scrolls of teleportation {unknown}
 t - 2 scrolls of enchant weapon {unknown}
 B - a scroll of fog {unknown}
 H - a scroll of acquirement {unknown}
Potions
 a - a potion of cancellation {unknown}
 b - 3 potions of haste
 g - 2 potions of mutation {unknown}
 l - 2 potions of heal wounds {unknown}
 n - a potion of degeneration {unknown}
 r - 4 potions of might {unknown}
 s - 5 potions of curing {unknown}
 v - a potion of resistance
 x - 2 potions of flight {unknown}
 D - a potion of ambrosia {unknown}
 E - 2 potions of berserk rage {unknown}
Comestibles
 c - 24 rations


   Skills:
 * Level 12.0 Fighting
 * Level 12.0 Axes
 + Level 6.9 Throwing
 + Level 8.6 Armour
 + Level 7.8 Dodging


You had 10 spell levels left.
You didn't know any spells.
Your spell library was empty.

Dungeon Overview and Level Annotations

Branches:
Dungeon (11/15)            Temple (0/1) D:5            Lair (0/6) D:9
    Orc: D:9-12

Altars:
Ashenzari
Cheibriados
Hepliaklqana
Okawaru
Ru
Trog
Uskayaw
Zin


Innate Abilities, Weirdness & Mutations

You reflexively headbutt those who attack you in melee.
You have a pair of horns on your head.


Message History

You feel somewhat more hungry. The orc wizard closely misses you.
The brown ugly thing pecks you but does no damage.
The ice beast hits you.
* * * LOW HITPOINT WARNING * * *
The ice beast freezes you!
* * * LOW HITPOINT WARNING * * *
Something barely misses you. Something bites you!
* * * LOW HITPOINT WARNING * * *
Something draws strength from your injuries!
The orc wizard completely misses you. You furiously retaliate!
You headbutt the orc wizard. You barely miss something. You headbutt something.
You hit the orc wizard. You hit the brown ugly thing. You hit the ice beast.
The brown ugly thing pecks you but does no damage.
The orc wizard gestures wildly while chanting.
The orc wizard blinks!
The ice beast misses you. You furiously retaliate!
You headbutt the ice beast, but do no damage.
Something hits you but does no damage. Something bites you but does no damage.
The brown ugly thing pecks you!
You die...

.. ..# #...
..##.. . ....#
.. #.#.# ...
...# ....
####÷.##.....
##.÷)..Y......
##)<)(.@uW..#
#.o)()>[§....#
#...)[.......#
#..............#
#.##..(.......##
.$. ##...##...##
.## ##### ####


You could see a brown ugly thing, a hungry ghost, an ice beast and an orc
wizard.

Vanquished Creatures
  A centaur warrior (D:9)
  A two-headed ogre (D:9)
  Pikel (D:6)
  A harpy (D:9)
  A centaur zombie (D:10)
  Psyche (D:10)
  A kobold demonologist (D:11)
  2 trolls
  A slime creature (D:9)
  2 hippogriffs (D:9)
  7 yaks
  2 wraiths (D:10)
  Eustachio (D:5)
  2 hungry ghosts (D:7)
  A wyvern (D:9)
  2 soldier ants (D:10)
  A water moccasin (D:9)
  3 orc warriors
  Purgy (Sewer)
  3 slaves (D:6)
  2 black bears
  An eye of draining (D:11)
  5 ice beasts
  2 sky beasts
  3 ogres
  3 necrophages
  A centaur (D:10)
  A big kobold (D:9)
  7 bullfrogs
  A wyvern zombie (D:11)
  A water moccasin zombie (D:6)
  4 scorpions
  5 wights
  5 howler monkeys
  A crimson imp (D:7)
  6 hounds
  2 orc priests
  13 orc wizards
  3 jellies
  A bullfrog skeleton (D:9)
  Ijyb (D:3)
  Terence (D:3)
  Natasha (twice) (D:3)
  4 iguanas
  14 worker ants
  2 killer bee zombies (D:7)
  3 hound zombies
  A hound skeleton (D:8)
  2 howler monkey skeletons
  A worker ant zombie (D:8)
  3 gnolls (D:7)
  15 adders
  2 shadow imps
  An ooze (D:3)
  An adder zombie (D:7)
  4 worms
  5 dart slugs
  8 leopard geckos
  46 orcs
  6 bats
  6 giant cockroaches
  8 goblins
  13 hobgoblins
  8 jackals
  4 quokkas
  4 frilled lizards
  13 kobolds
  3 leopard gecko zombies
  6 rats
289 creatures vanquished.

Vanquished Creatures (others)
  A leopard gecko (D:6)
1 creature vanquished.

Grand Total: 290 creatures vanquished

Notes
Turn   | Place    | Note
-------+----------+-------------------------------------------
     0 | D:1      | shmeve the Minotaur Berserker began the quest for the Orb.
     0 | D:1      | Reached XP level 1. HP: 19/19 MP: 0/0
   263 | D:1      | Reached XP level 2. HP: 18/27 MP: 1/1
   936 | D:2      | Reached XP level 3. HP: 33/33 MP: 2/2
   983 | D:2      | Reached ** piety under Trog
  1094 | D:2      | Reached skill level 1 in Throwing
  1217 | D:2      | Reached XP level 4. HP: 39/41 MP: 3/3
  2064 | D:3      | Reached XP level 5. HP: 37/47 MP: 4/4
  2107 | D:3      | Noticed Terence
  2107 | D:3      | Noticed Natasha
  2117 | D:3      | Killed Natasha
  2118 | D:3      | Killed Terence
  2118 | D:3      | Reached skill level 5 in Fighting
  2118 | D:3      | Reached skill level 5 in Axes
  2185 | D:3      | Noticed Ijyb
  2202 | D:3      | Killed Ijyb
  2359 | D:3      | Noticed Natasha
  2365 | D:3      | Killed Natasha
  2376 | D:3      | Reached *** piety under Trog
  2478 | D:3      | Found a hazy altar of Hepliaklqana.
  2709 | D:4      | Found a shattered altar of Ashenzari.
  2720 | D:4      | Reached XP level 6. HP: 56/56 MP: 5/5
  2766 | D:4      | Found a glowing drain.
  2770 | Sewer    | Entered a sewer
  2820 | Sewer    | Noticed Purgy
  2827 | Sewer    | Killed Purgy
  3305 | D:4      | Found an iron altar of Okawaru.
  3311 | D:4      | Found a sacrificial altar of Ru.
  3313 | D:4      | Found a glowing silver altar of Zin.
  3401 | D:5      | Entered Level 5 of the Dungeon
  3428 | D:5      | Reached XP level 7. HP: 63/63 MP: 6/6
  3562 | D:5      | Noticed Eustachio
  3572 | D:5      | Killed Eustachio
  3674 | D:5      | Found a staircase to the Ecumenical Temple.
  3760 | D:5      | Found a hide-covered altar of Uskayaw.
  4226 | D:6      | Reached XP level 8. HP: 73/73 MP: 7/7
  4372 | D:6      | Received a gift from Trog
  4403 | D:6      | Noticed Pikel
  4415 | D:6      | Killed Pikel
  4415 | D:6      | Reached skill level 5 in Armour
  4482 | D:6      | Reached skill level 5 in Dodging
  4587 | D:6      | Found a sacrificial altar of Ru.
  4892 | D:6      | Found a snail-covered altar of Cheibriados.
  5050 | D:7      | Reached XP level 9. HP: 40/82 MP: 8/8
  5243 | D:7      | Received a gift from Trog
  5705 | D:7      | Reached **** piety under Trog
  5960 | D:8      | Found a snail-covered altar of Cheibriados.
  6035 | D:8      | Found a bloodstained altar of Trog.
  6072 | D:8      | Reached skill level 5 in Throwing
  6853 | D:9      | Noticed a troll
  6865 | D:9      | Killed a troll
  7065 | D:9      | Noticed a harpy
  7084 | D:9      | Killed a harpy
  7084 | D:9      | Reached skill level 10 in Fighting
  7084 | D:9      | Reached skill level 10 in Axes
  7084 | D:9      | Reached XP level 10. HP: 16/93 MP: 9/9
  7284 | D:9      | Received a gift from Trog
  7817 | D:9      | Noticed a centaur warrior
  7825 | D:9      | Killed a centaur warrior
  8197 | D:9      | Found a staircase to the Lair.
  8197 | D:9      | Noticed a two-headed ogre
  8207 | D:9      | Killed a two-headed ogre
  8568 | D:9      | Received a gift from Trog
  8671 | D:10     | Entered Level 10 of the Dungeon
  8741 | D:10     | Reached XP level 11. HP: 102/102 MP: 10/10
  8743 | D:10     | Received a gift from Trog
  8786 | D:10     | Noticed Psyche
  8866 | D:10     | Killed Psyche
  9722 | D:11     | Received a gift from Trog
  9734 | D:11     | Reached ***** piety under Trog
  9739 | D:11     | Noticed a sixfirhy
 10051 | D:11     | Noticed a brown ugly thing
 10053 | D:11     | Received a gift from Trog
 10058 | D:11     | HP: 1/104 [something (7)]
 10059 | D:11     | Slain by a brown ugly thing

Skill      XL: |  1  2  3  4  5  6  7  8  9 10 11 |
---------------+----------------------------------+-----
Axes           | 4 5 6 8 10 11 12 | 12.0
Fighting       | 4 5 6 7 8 10 11 12 | 12.0
Throwing       | 1 2 3 4 5 6 |  6.9
Armour         | 3 4 5 7 8 |  8.6
Dodging        | 3 4 5 6 7 |  7.8

Action                   |  1- 3 |  4- 6 |  7- 9 | 10-12 || total
-------------------------+-------+-------+-------+-------++-------
Melee: Hand axe          |    97 |    95 |       |       ||   192
       Headbutt          |    13 |    23 |    48 |    49 ||   133
       War axe           |       |    57 |   249 |   234 ||   540
Throw: Javelin           |       |       |    15 |    28 ||    43
       Tomahawk          |       |       |       |     5 ||     5
Invok: Berserk           |       |     1 |       |     5 ||     6
       Trog's Hand       |       |       |     1 |     4 ||     5
  Use: Scroll            |       |     1 |     1 |       ||     2
 Stab: Distracted        |       |       |     1 |       ||     1
  Eat: Chunk             |     1 |     8 |    14 |    13 ||    36
       Ration            |       |       |       |     1 ||     1
Armor: Animal skin       |     4 |       |       |       ||     4
       Ring mail         |    33 |    74 |   114 |   117 ||   338
Dodge: Dodged            |    54 |   108 |   208 |   161 ||   531
